 Dungeon Crawl Stone Soup version 0.18-a0-1196-g09327cf (webtiles) character file.

58 Grap the Digger (level 4, -1/24 HPs)
             Began as a Gargoyle Earth Elementalist on Jan 30, 2016.
             Slain by a worm (4 damage)
             ... on level 2 of the Dungeon.
             The game lasted 00:06:14 (1269 turns).

Grap the Digger (Gargoyle Earth Elementalist)       Turns: 1269, Time: 00:06:14

Health: -1/24      AC:  5    Str: 11    XL:     4   Next: 2%
Magic:  0/7        EV: 12    Int: 17    God:
Gold:   38         SH:  0    Dex: 10    Spells: 2 memorised, 3 levels left

rFire  . . .     SeeInvis .     (no weapon)
rCold  . . .     Gourm    .     a - +0 robe
rNeg   + . .     Faith    .     (no shield)
rPois  ∞         Spirit   .     (no helmet)
rElec  +         Dismiss  .     (no cloak)
rCorr  .         Reflect  .     (no gloves)
SustAt .         Harm     .     (no boots)
MR     .....                    (no amulet)
Stlth  ++........               (no ring)
                                (no ring)

@: not resistant to hostile enchantments, unstealthy
A: negative energy resistance 1, electricity resistance, unbreathing,
petrification resistance, rot immunity, AC +3
a: no special abilities


You were on level 2 of the Dungeon.
You were not hungry.

You visited 1 branch of the dungeon, and saw 2 of its levels.

You collected 38 gold pieces.

Inventory:

Missiles
 b - 28 stones (quivered)
 h - 3 large rocks
Armour
 a - a +0 robe (worn)
Scrolls
 e - a scroll of amnesia {unknown}
 j - a scroll of immolation {unknown}
Potions
 f - a potion of might {unknown}
 i - 3 potions of curing {unknown}
 k - a potion of flight {unknown}
Books
 c - a book of Geomancy

   Spells                             Type                      Level
   a - Sandblast                      Earth                        1
   b - Stoneskin                      Transmutation/Earth          2
   c - Passwall                       Transmutation/Earth          3
   d - Stone Arrow                    Conjuration/Earth            3
   e - Petrify                        Transmutation/Earth          4
   f - Lee's Rapid Deconstruction     Earth                        5
Comestibles
 d - 2 bread rations
 g - 3 chunks of flesh


   Skills:
 - Level 1.5 Dodging
 - Level 2.1 Stealth
 - Level 2.0 Spellcasting
   Level 0.7 Transmutations
 + Level 5.7 Earth Magic


You had 3 spell levels left.
You knew the following spells:

 Your Spells              Type           Power        Failure   Level  Hunger
a - Sandblast             Erth           ###...       1%          1    #......
b - Stone Arrow           Conj/Erth      ##....       21%         3    ###....


Dungeon Overview and Level Annotations

Branches:
Dungeon (2/15)

Altars:
Zin


Innate Abilities, Weirdness & Mutations

You are resistant to torment.
Your stone body is resilient (AC +3).
You are immune to poison.
You resist negative energy.
You are resistant to electric shocks.
You can survive without breathing.
You are immune to petrification.
You are immune to rotting.


Message History

You barely miss the worm.
The worm is heavily wounded.
You hit the worm.
The worm is severely wounded.
The worm bites you.
* * * LOW HITPOINT WARNING * * *
Casting: Sandblast
Confirm with . or Enter, or press ? or * to list all spells.
Aiming: Sandblast
Press: ? - help, Shift-Dir - straight line, f/p - worm
Aim: a worm (severely wounded)
The blast of sand hits the worm.
The worm is severely wounded.
You barely miss the worm.
The worm is severely wounded.
The worm closely misses you.
You hit the worm.
The worm is severely wounded.
The worm bites you.
You die...

# #.##.....#.#....
#.##.##.........._.
#....).......#.....
####.###.....#.....
##...##.....#....#
#....######.####..
#....# .%. ..
#.###### !.....
#@<....# ##.S
#w####.# #.# #....#
#.#### #.# #.. ###


You could see a worm.

Vanquished Creatures
  An ooze (D:1)
  3 giant geckos (D:1)
  A ball python (D:1)
  3 giant cockroaches
  5 goblins
  2 hobgoblins (D:1)
  8 jackals (D:1)
  9 kobolds
  A quokka (D:2)
  5 bats
  2 giant newts (D:1)
  4 rats
44 creatures vanquished.

Notes
Turn   | Place    | Note
--------------------------------------------------------------
     0 | D:1      | Grap the Gargoyle Earth Elementalist began the quest for the Orb.
     0 | D:1      | Reached XP level 1. HP: 10/10 MP: 3/3
   192 | D:1      | Reached skill level 4 in Earth Magic
   192 | D:1      | Reached XP level 2. HP: 15/15 MP: 0/5
   549 | D:1      | Reached XP level 3. HP: 19/19 MP: 3/6
   553 | D:1      | Reached skill level 5 in Earth Magic
   565 | D:1      | Learned a level 3 spell: Stone Arrow
  1140 | D:2      | Found a glowing silver altar of Zin.
  1227 | D:2      | Reached XP level 4. HP: 12/24 MP: 1/7
  1269 | D:2      | Slain by a worm

Vault maps used:
D:1:      matt_arrival_spirals
D:2:      nicolae_overflow_crystal_walls, tso_metal_star, first_bread

Action                   |  1- 3 |  4- 6 || total
-------------------------+-------+-------++-------
Melee: Short sword       |    25 |       ||    25
       Unarmed           |    33 |    19 ||    52
 Cast: Sandblast         |    57 |     6 ||    63
  Use: Scroll            |     1 |       ||     1
 Stab: Sleeping          |     1 |       ||     1
  Eat: Chunk             |     2 |       ||     2
